AoeStats
← toomuchdog

Arabia

504936367Analyzed
2v2 RM · 26d ago on Sep 7, 2026· 23m 35s· 4 players
Game mode
Random Map
Map size
Medium (4 player)
Population
200
Speed
Normal
Resources
Standard
Victory
Conquest
Starting age
Dark Age
Ending age
Imperial Age
RankedLock teamsTeams togetherTeam positionsShared explorationLock speedFull tech treeHidden civsTurbo modeCheats
Victory
Defeat
🇨🇦 Celts · Canada
1322
+15
1267
+17
🇺🇸 Mongols · United States
1296
-16
🇺🇸 Vietnamese · United States
1295
-16
toomuchdog
9:36 Feudal Age
8:37 Loom
10:06 Double-Bit Axe
10:23 Man-at-Arms
11:38 Town Watch
20:45 Castle Age
18:56 Scale Mail Armor
19:26 Forging
19:03 Arson
20:34 Gold Mining
20:26 Horse Collar
21:19 Gambesons
21:39 Long Swordsman
twitch.tv/aceinspace93
5:48 Loom
8:40 Feudal Age
9:32 Double-Bit Axe
18:59 Bloodlines
23:11 Castle Age
22:16 Scale Barding Armor
24:05 Forging
23:24 Light Cavalry
Twister
6:25 Loom
9:25 Feudal Age
9:57 Double-Bit Axe
17:39 Fletching
chicken
8:41 Feudal Age
10:52 Double-Bit Axe
16:35 Loom
23:08 Castle Age
21:13 Gold Mining
21:18 Horse Collar
22:44 Scale Barding Armor
22:51 Forging
22:54 Bloodlines
Connection lost

Rejoining the realm…

Still unreachable

The connection could not be restored.

Session expired

The server has moved on; the page needs a fresh start.